 Dungeon Crawl Stone Soup version 0.28-a0-500-g121bc3e445 (webtiles) character file.

Game seed: 16969024097054141071

11954 heikuro the Cleaver (level 11, -21/80 HPs)
             Began as a Minotaur Berserker on Sept 19, 2021.
             Was a High Priest of Trog.
             Demolished by a large abomination (25 damage)
             ... on level 2 of the Abyss.
             The game lasted 00:19:59 (11458 turns).

heikuro the Cleaver (Minotaur Berserker)           Turns: 11458, Time: 00:20:00

Health: -21/80     AC: 20    Str: 24    XL:     11   Next: 56%
Magic:  10/10      EV: 10    Int:  0    God:    Trog [*****.]
Gold:   637        SH:  0    Dex:  7    Spells: 10/10 levels left

rFire   . . .      SeeInvis .   m - +5 executioner's axe (flame)
rCold   . . .      Faith    .   (shield currently unavailable)
rNeg    . . .      Spirit   .   v - +2 chain mail {rF+}
rPois   +          Reflect  .   (helmet restricted)
rElec   .          Harm     .   (no cloak)
rCorr   .          Rampage  .   x - +1 pair of gloves "Yskyfuis" {rPois rF- Slay+4 Stlth-}
Will    .....      Rage     3%  (no boots)
Stlth   ..........              (no amulet)
HPRegen 0.23/turn               B - +4 ring of protection
MPRegen 0.12/turn               (no ring)

@: on berserk cooldown, slowed, lost intelligence, unable to read, very slow
A: horns 2, retaliatory headbutt, [berserk 2], [clumsy 2], [deterioration 2],
[dopey 2], [frail 2], [subdued magic 2]
a: Renounce Religion, Berserk, Trog's Hand, Brothers in Arms


You were on level 2 of the Abyss.
You worshipped Trog.
Trog was extremely pleased with you.
You visited 2 branches of the dungeon, and saw 11 of its levels.
You visited the Abyss 1 time.
You also visited: Ossuary.

You collected 637 gold pieces.

Inventory:

Hand Weapons
 a - a +3 battleaxe
 m - a +5 executioner's axe of flaming (weapon)
 H - a +1 dagger of venom
 I - a +0 vorpal hand axe
Missiles
 h - 8 javelins (quivered)
 j - 54 poisoned darts
 A - a throwing net
 G - 5 boomerangs of dispersal
Armour
 v - a +2 chain mail of fire resistance (worn)
 w - a +0 ring mail of poison resistance
 x - the +1 pair of gloves "Yskyfuis" (worn) {rPois rF- Slay+4 Stlth-}
   (You found it on level 7 of the Dungeon)

   Slay:      It affects your accuracy & damage with ranged weapons and melee
   (+4).
   rF:        It makes you vulnerable to fire.
   rPois:     It protects you from poison.
   Stlth:     It makes you less stealthy.
Jewellery
 l - a ring of ice
 B - a +4 ring of protection (left hand)
 C - a ring of fire
 F - a ring of protection from fire
Wands
 f - a wand of digging (3)
 t - a wand of flame (28)
 D - a wand of acid (12)
 J - a wand of polymorph (7)
Scrolls
 b - 2 scrolls of vulnerability {unknown}
 c - 4 scrolls of fear
 d - a scroll of enchant armour
 e - 2 scrolls of enchant weapon {unknown}
 g - 5 scrolls of teleportation
 i - a scroll of acquirement {unknown}
 k - 4 scrolls of noise {unknown}
 q - a scroll of brand weapon {unknown}
 s - 2 scrolls of amnesia {unknown}
 y - 2 scrolls of summoning {unknown}
 E - 2 scrolls of fog {unknown}
 K - 3 scrolls of identify
Potions
 n - 10 potions of curing
 o - 3 potions of lignification
 p - a potion of berserk rage
 r - 2 potions of heal wounds
 u - a potion of haste {unknown}
 z - a potion of flight {unknown}
Miscellaneous
 L - a piece from Xom's chessboard (15/15)
 M - a box of beasts


   Skills:
 + Level 10.5 Fighting
 * Level 13.9 Axes
 + Level 10.1 Armour
 + Level 9.4 Dodging


You had 10 spell levels left.
You didn't know any spells.
Your spell library was empty.

Dungeon Overview and Level Annotations

Branches:
Dungeon (10/15)            Temple (1/1) D:5            Lair (0/6) D:8
    Orc (0/2) D:9         Ossuary (visited)

Altars:
Ashenzari
Cheibriados
Dithmenos
Elyvilon
Fedhas
Gozag
Hepliaklqana
Kikubaaqudgha
Makhleb
Nemelex Xobeh
Okawaru
Qazlal
Ru
Sif Muna
Trog
Uskayaw
Vehumet
Wu Jian
Xom
Yredelemnul
Zin
The Shining One

Shops:
D:8 (

Annotations:
D:5 1 runed translucent door, meepyknight's ghost, novice GrFi


Innate Abilities, Weirdness & Mutations

You have a pair of horns on your head.
You reflexively headbutt those who attack you in melee.
[You often lose your temper in combat.]
[You are very clumsy. (Dex -4)]
[Your body often deteriorates upon taking damage.]
[You are very dopey. (Int -4)]
[You are very frail. (-20% HP)]
[Your spells are easier to cast, but less powerful.]


Message History

Trog accepts your kill.
The wretched star pulses with an eldritch light!
Your connection to magic feels subdued.
Your connection to magic feels more subdued.
A large abomination comes into view.
The glowing orange brain pulsates.
Something tries to feed on your intellect!
Unknown command.
The wretched star glows turbulently.
The lance of force misses you.
The wretched star glows turbulently.
The lance of force hits you!
You are knocked back by the lance of force.
The wretched star pulses with an eldritch light!
You feel frail. x2
Okay, then.
Unknown command.
The wretched star pulses with an eldritch light!
You feel stupid. x2
You have lost your intelligence.
You can move again.
An iron imp comes into view.
The iron imp shouts!
The wretched star pulses with an eldritch light!
You feel a little pissed off.
You feel angry.
You feel yourself wasting away.
You feel your body start to fall apart.
You barely miss the large abomination. The large abomination hits you!
The large abomination hits you!!
Unknown command.
You're still recovering from your berserk rage.
You slash the large abomination! You burn the large abomination.
The large abomination is moderately damaged.
A death knight comes into view. It is wielding a +0 great mace.
The iron imp summons a swarm of flies.
The large abomination hits you!!
* * * LOW HITPOINT WARNING * * *
The glowing orange brain pulsates.
Something tries to feed on your intellect!
The iron imp barely misses you. The large abomination hits you!!
You die...

#....... .. ......
#...... ..........
###
#..##G.##..##..##
..##..##..##..##..#
#......*....... ...
.#.............. ..
##..##.G##.. #.
##.5##..##..# ..
#...@X...p....
#.....*........
#.#..##..##.. # ..
#.. #..# ..# # ....
..... ... .#...
...... .. . ##..
#..##.. #.. ..# ..


You could see a death knight (wandering), a wretched star, a glowing orange
brain, a large abomination and an iron imp.

Vanquished Creatures
  Nergalle (D:10)
  A hellwing (Abyss:2)
  5 large abominations (D:10)
  4 raiju (Abyss:2)
  5 slime creatures (D:8)
  A wraith (D:10)
  3 yaks (D:10)
  A chaos spawn (Abyss:2)
  A steam dragon (D:8)
  4 wargs
  An acid dragon (D:10)
  A water moccasin (D:7)
  3 ice beasts
  5 orc warriors
  A sky beast (D:5)
  7 ogres
  3 necrophages
  2 phantoms
  7 centaurs
  An elf zombie (Ossuary)
  A gnoll sergeant (D:10)
  3 kobold brigands
  3 bullfrogs
  2 earth elementals (Abyss:2)
  A wyvern zombie (D:7)
  A scorpion (D:7)
  5 water moccasin zombies
  8 small abominations
  4 killer bees (D:10)
  5 wights (D:8)
  4 howler monkeys
  6 centaur zombies
  2 bullfrog zombies (D:6)
  2 bullfrog skeletons
  An iron imp (D:8)
  5 jellies
  2 gnoll shamans
  4 orc priests
  5 hounds
  An iguana (D:5)
  12 orc wizards
  A killer bee zombie (D:7)
  A hound zombie (D:4)
  2 hound skeletons (D:4)
  2 howler monkey zombies
  2 mummies (Ossuary)
  4 adders
  12 gnolls
  A howler monkey skeleton (D:4)
  A shadow imp (D:7)
  2 white imps
  4 adder skeletons (D:4)
  3 adder zombies (Ossuary)
  3 worms
  4 dart slugs
  39 orcs
  5 bats
  7 endoplasms
  6 goblins
  11 hobgoblins
  A quokka (D:4)
  4 ball pythons
  2 frilled lizards (D:1)
  A goblin zombie (Ossuary)
  9 hobgoblin zombies (Ossuary)
  2 jackal zombies (Ossuary)
  21 kobolds
  12 kobold zombies (Ossuary)
  7 orc zombies (Ossuary)
  6 rats
309 creatures vanquished.

Vanquished Creatures (others)
  An orc wizard (D:9)
  10 plants
  6 withered plants
17 creatures vanquished.

Grand Total: 326 creatures vanquished

Notes
Turn   | Place    | Note
-------+----------+-------------------------------------------
     0 | D:1      | heikuro the Minotaur Berserker began the quest for the Orb.
     0 | D:1      | Reached XP level 1. HP: 19/19 MP: 0/0
   291 | D:1      | Reached XP level 2. HP: 19/27 MP: 1/1
   392 | D:1      | Reached skill level 4 in Axes
   945 | D:2      | Found a sparkling altar of Nemelex Xobeh.
   964 | D:2      | Reached XP level 3. HP: 33/33 MP: 2/2
  1151 | D:2      | Reached ** piety under Trog
  1893 | D:3      | Found a stormy altar of Qazlal.
  1905 | D:3      | Found a hide-covered altar of Uskayaw.
  1914 | D:3      | Reached XP level 4. HP: 40/40 MP: 3/3
  2292 | D:3      | Found a glowing golden altar of the Shining One.
  2323 | D:3      | Found a faded altar of an unknown god.
  2367 | D:3      | Found a glowing silver altar of Zin.
  2367 | D:3      | Noticed an angel
  2433 | D:3      | Found a sparkling altar of Nemelex Xobeh.
  2651 | D:4      | Reached skill level 5 in Axes
  2924 | D:4      | Noticed an ogre
  2937 | D:4      | Killed an ogre
  2938 | D:4      | Reached XP level 5. HP: 47/47 MP: 4/4
  2938 | D:4      | Noticed a necrophage
  2949 | D:4      | Killed a necrophage
  2950 | D:4      | Reached skill level 6 in Axes
  2950 | D:4      | Reached XP level 6. HP: 47/55 MP: 5/5
  3044 | D:4      | Reached skill level 5 in Fighting
  3237 | D:4      | Reached *** piety under Trog
  3245 | D:4      | Reached XP level 7. HP: 48/61 MP: 6/6
  3701 | D:4      | Reached skill level 7 in Axes
  3995 | D:4      | Reached skill level 5 in Armour
  4079 | D:5      | Entered Level 5 of the Dungeon
  4258 | D:5      | Reached skill level 5 in Dodging
  4258 | D:5      | Reached XP level 8. HP: 70/70 MP: 7/7
  4313 | D:5      | Found a radiant altar of Vehumet.
  4318 | D:5      | Found a runed translucent door.
  4318 | D:5      | Noticed meepyknight's ghost (novice GrFi)
  4333 | D:5      | Reached skill level 8 in Axes
  4716 | D:5      | Found a staircase to the Ecumenical Temple.
  4791 | D:5      | Found a bloodstained altar of Trog.
  4929 | D:5      | Reached skill level 9 in Axes
  5065 | D:5      | Found a basalt altar of Yredelemnul.
  5182 | Temple   | Entered the Ecumenical Temple
  5746 | D:6      | Reached XP level 9. HP: 79/79 MP: 8/8
  5908 | D:6      | Found a shimmering altar of Xom.
  5909 | D:6      | Found a shimmering altar of Xom.
  5930 | D:6      | Reached skill level 10 in Axes
  7053 | D:7      | Identified the +1 pair of gloves "Yskyfuis" {rPois rF-
                  | Slay+4 Stlth-}
  7105 | D:7      | Reached **** piety under Trog
  7513 | D:8      | Found a snail-covered altar of Cheibriados.
  7569 | D:8      | Found a sand-covered staircase.
  7575 | Ossuary  | Entered an ossuary
  7885 | Ossuary  | Reached ***** piety under Trog
  7886 | Ossuary  | Reached skill level 11 in Axes
  8061 | D:8      | Reached XP level 10. HP: 71/90 MP: 9/9
  8293 | D:8      | Found a staircase to the Lair.
  8312 | D:8      | Reached skill level 12 in Axes
  8451 | D:8      | Found Udey's Antique Weapon Shop.
  9004 | D:8      | Found a hazy altar of Hepliaklqana.
  9641 | D:9      | Found a staircase to the Orcish Mines.
 10114 | D:10     | Entered Level 10 of the Dungeon
 10140 | D:10     | Received a gift from Trog
 10205 | D:10     | Found an ornate altar of the Wu Jian Council.
 10267 | D:10     | Found a blossoming altar of Fedhas.
 10279 | D:10     | Noticed Nergalle
 10291 | D:10     | Killed Nergalle
 10292 | D:10     | Reached skill level 13 in Axes
 10292 | D:10     | Reached XP level 11. HP: 99/99 MP: 10/10
 10637 | D:10     | Reached skill level 10 in Fighting
 10671 | D:10     | Noticed a large abomination
 10680 | D:10     | Killed a large abomination
 10687 | D:10     | Noticed a large abomination
 11241 | D:10     | Killed a large abomination
 11380 | D:10     | Noticed a wizard
 11384 | D:10     | Cast into level 2 of the Abyss (a wizard)
 11384 | Abyss:2  | Found a corrupted altar of Lugonu.
 11423 | Abyss:2  | Reached skill level 10 in Armour
 11443 | Abyss:2  | Noticed a wretched star
 11446 | Abyss:2  | Noticed a glowing orange brain
 11447 | Abyss:2  | Noticed a large abomination
 11452 | Abyss:2  | Lost intelligence.
 11458 | Abyss:2  | Noticed a death knight
 11458 | Abyss:2  | HP: 4/80 [large abomination (27)]
 11458 | Abyss:2  | Demolished by a large abomination

Illustrated notes

Levels and vault maps discovered:
D:1:      scummos_arrival_gate, layout_rooms, serial_forest,
          infiniplex_forest_clump_medium, infiniplex_forest_lined_ring,
          infiniplex_forest_straight_1, infiniplex_forest_lined_ring
D:2:      layout_basic, basic_altar
D:3:      layout_basic, zin_angel, nemelex_diamond_rough_becter,
          tso_oasis_becter, mainiacjoe_overflow_large_starburst,
          shapermc_ecumenical_altar_flowoftime, minmay_stone_trees_small
D:4:      layout_layer_cave, serial_undead, serial_undead_e, serial_undead_c,
          serial_undead_b, serial_undead_c, serial_undead_a, serial_undead_a
D:5:      layout_basic, lemuel_coloured_pillars_altar, general_overflow_altar,
          mainiacjoe_overflow_surrounded_room, minmay_temple_entry_poolview,
          hellmonk_ghost_happy_afterlife
D:6:      layout_loops_ring, xom_redecorated, corexii_checkpoint_b
D:7:      layout_cave_pools
D:8:      layout_loops_ring, slow_altar_2, nzn_hepliaklqana_mist_gate,
          erik_lair_orcish_takeover, nicolae_ossuary_entry_plus, serial_shops,
          nicolae_shop_waterfront, amethyst_killhole
D:9:      layout_rooms, erik_orc_4, chequers_serial_rivers_large_a
D:10:     layout_gridville, fedhas_altar_2, nicolae_wu_jian_wuxing_cycle,
          laboratory, uniq_nergalle
Temple:   kb_temple_of_zot
Abyss:2:  base: Temple, guppyfry_abyss_exit_glass_guarded,
          hangedman_decor_lopped, hangedman_decor_lopped

Skill      XL: |  1  2  3  4  5  6  7  8  9 10 11 |
---------------+----------------------------------+-----
Axes           | 4 5 6 7 9 11 13 | 13.9
Fighting       | 4 5 6 7 8 9 10 | 10.5
Armour         | 3 4 5 6 8 9 10 | 10.1
Dodging        | 3 4 5 6 7 8 9 |  9.4

Action                   |  1- 3 |  4- 6 |  7- 9 | 10-12 || total
-------------------------+-------+-------+-------+-------++-------
Melee: Hand axe          |    79 |    94 |   323 |     5 ||   501
       Headbutt          |    13 |    23 |    77 |    31 ||   144
       Battleaxe         |       |       |       |   105 ||   105
       Executioner's axe |       |       |       |    78 ||    78
Invok: Berserk           |     2 |     3 |    17 |    11 ||    33
       Trog's Hand       |       |       |       |     1 ||     1
  Use: Scroll            |     2 |     2 |     5 |     1 ||    10
Armor: Animal skin       |    10 |       |       |       ||    10
       Chain mail        |    19 |    45 |    90 |   129 ||   283
       Leather armour    |       |       |    23 |       ||    23
Dodge: Dodged            |    38 |    25 |   125 |   147 ||   335

Table legend: (Time is in decaauts)
 A = Elapsed time spent in this place.
 B = Non-inter-level travel time spent in this place.
 C = Inter-level travel time spent in this place.
 D = Time resting spent in this place.
 E = Time spent auto-exploring this place.
 F = Levels seen in this place.
 G = Mean time per level.
                   A        B        C        D        E       F      G
               +--------+--------+--------+--------+--------+-----+--------+
         Total |  11770 |  11282 |    488 |   3296 |   5496 |  13 |  905.4 |
       Dungeon |  11208 |  10735 |    473 |   3136 |   5406 |  10 | 1120.8 |
        Temple |    108 |     93 |     15 |      0 |     87 |   1 |  108.0 |
         Abyss |     80 |     80 |      0 |      0 |      0 |   1 |   80.0 |
       Ossuary |    373 |    373 |      0 |    160 |      3 |   1 |  373.0 |
               +--------+--------+--------+--------+--------+-----+--------+

Top non-repeatable levels by time:
     D:4: 1525 daAuts
     D:8: 1409 daAuts
     D:6: 1337 daAuts
     D:9: 1284 daAuts
     D:5: 1234 daAuts
     D:2: 987 daAuts
     D:7: 928 daAuts
     D:1: 900 daAuts
     D:3: 814 daAuts
    D:10: 786 daAuts
 Ossuary: 373 daAuts
  Temple: 108 daAuts
 Abyss:2: 80 daAuts
